 Dungeon Crawl Stone Soup version 0.31-a0-963-ga325b2283a (webtiles) character file.

Game seed: 14151367049574315599

666 Maxmaps the Changeling (level 7, -6/64 HPs)
             Began as an Octopode Shapeshifter on Oct 25, 2023.
             Mangled by Menkaure (10 damage)
             ... on level 5 of the Dungeon.
             The game lasted 00:04:52 (4025 turns).

Maxmaps the Changeling (Octopode Shapeshifter)      Turns: 4025, Time: 00:04:52

Health: -6/64      AC: 23    Str: 14    XL:     7   Next: 57%
Magic:  0/7        EV:  2    Int: 14    God:
Gold:   187        SH:  0    Dex: 11    Spells: 6/6 levels left

rFire   . .          .
                       - Unarmed
rCold   . . .        (no shield)
rNeg    . . .        w - melded +2 hat
rPois   +            r - amulet of guardian spirit
rElec   .            f - ring of poison resistance
rCorr   .            q - +5 ring of evasion
SInv    .            (no ring)
Will    .....        (no ring)
Stlth   +++          (no ring)
HPRegen 0.30/turn    (no ring)
MPRegen 0.10/turn    (no ring)
                     (no ring)

%: guardian spirit
@: tree-form, hasted, very quick
A: stationary, stasis, torment immunity, boosted hp, almost no armour,
(amphibious), 8 rings, (camouflage 1), (gelatinous body 1), (nimble swimmer 1),
(tentacles)
a: no special abilities


You were on level 5 of the Dungeon.
You were a tree.
You visited 1 branch of the dungeon, and saw 5 of its levels.

You collected 187 gold pieces.

Inventory:

Armour
 w - a +2 hat (melded)
Jewellery
 f - a ring of poison resistance (left branch)
 q - a +5 ring of evasion (right branch)
 r - an amulet of guardian spirit (around neck)
Talismans
 b - a beast talisman (active)
 c - a flux talisman
Wands
 y - a wand of quicksilver (7)
 z - a wand of mindburst (8)
Scrolls
 e - 4 scrolls of teleportation
 k - 2 scrolls of blinking
 s - a scroll of fear
Potions
 a - a potion of haste
 d - a potion of enlightenment
 h - 5 potions of attraction
 i - a potion of berserk rage
 j - a potion of mutation {unknown}
 m - 4 potions of curing {unknown}
 v - a potion of lignification


   Skills:
 - Level 1.0 Fighting
 - Level 2.0 Dodging
 + Level 5.6 Stealth
 - Level 3.0 Unarmed Combat
 - Level 7.0 Shapeshifting


You had 6 spell levels left.
You didn't know any spells.
Your spell library contained the following spells:

 Spells                   Type           Power      Damage    Failure   Level
 Ignite Poison            Fire/Tmut/Pois 0%         N/A       65%         3
 Inner Flame              Hex/Fire       0%         N/A       65%         3
 Sticky Flame             Conj/Fire      0%         2d3       96%         4
 Yara's Violent Unravell  Hex/Tmut       0%         3d3       100%        5
 Enfeeble                 Hex            0%         N/A       100%        7
 Ignition                 Fire           0%         3d3       100%        8


Dungeon Overview and Level Annotations

Branches:
Dungeon (5/15)
 Temple: D:4-7

Altars:
Ashenzari
Elyvilon
Kikubaaqudgha
Makhleb
Vehumet

Shops:
D:3 *

Annotations:
D:5 Menkaure


Innate Abilities, Weirdness & Mutations

You are a tree.
Your roots penetrate the ground, keeping you stationary.
You cannot be teleported.
You are immune to unholy pain and torment.
Your maximum health is greatly increased.
You cannot wear most types of armour.
((You are amphibious.))
You can wear up to eight rings at the same time.
((Your skin changes colour to match your surroundings (Stealth+).))
((Your rubbery body absorbs attacks. (AC +1, EV +1)))
((You are camouflaged when in or above water. (Stealth+)))
((You have tentacles for arms and can constrict up to eight enemies at once.))


Message History

The hound convulses!
Your body is wracked with pain!
Menkaure calls on the powers of darkness!
The hound convulses!
Your body is wracked with pain!
You are too injured to fight recklessly!
You feel yourself speed up. The hound misses you.
Menkaure gestures wildly while chanting.
Menkaure seems to speed up.
Unknown command.
Okay, then.
Your transformation has ended.
Your +2 hat unmelds from your body.
You turn into a tree.
Your +2 hat melds into your body.
Your roots penetrate the ground.
The hound bites you but does no damage. Menkaure hits you!
* * * LOW HITPOINT WARNING * * *
You barely miss the hound.
The hound is heavily wounded.
The hound bites you but does no damage.
You barely miss the hound.
The hound is heavily wounded.
Menkaure hits you but does no damage. The hound barely misses you.
You smack the hound!
You kill the hound!
Menkaure hits you but does no damage.
You cannot move.
You hit Menkaure.
Menkaure is moderately damaged.
Menkaure hits you!
* * * LOW HITPOINT WARNING * * *
You hit Menkaure but do no damage.
Menkaure is moderately damaged.
You hit Menkaure.
Menkaure is heavily damaged.
Menkaure hits you but does no damage.
You barely miss Menkaure.
Menkaure is heavily damaged.
Menkaure hits you but does no damage.
You barely miss Menkaure.
Menkaure is heavily damaged.
Menkaure hits you!
You die...

...... #....##.........
......##..........###..
.....>..........#.# ##.
.##.........####.###..
##.)....### #.......
#......# #..###...
#..#.......## ###.
##..#......# ##..
#..♣#.....## #..#
#..M......# ##.##
.(...........#####..#
..###..#####.........##
#.# ....####.## .. #
#..# ... ##.## ..#.
##... #..##


You could see Menkaure (fast).

Vanquished Creatures
  A water moccasin (D:5)
  2 scorpions (D:4)
  2 hounds (D:5)
  2 orc priests (D:3)
  An iguana (D:4)
  A sleepcap (D:3)
  Jessica (D:3)
  3 orc wizards
  Robin (D:2)
  4 gnolls (D:4)
  3 adders
  2 worms (D:4)
  A dart slug (D:1)
  9 orcs
  3 bats (D:1)
  5 endoplasms
  2 giant cockroaches (D:1)
  12 goblins
  5 hobgoblins
  14 jackals
  8 kobolds
  2 quokkas
  13 ball pythons
  3 frilled lizards
  5 rats
105 creatures vanquished.

Notes
Turn   | Place    | Note
-------+----------+-------------------------------------------
     0 | D:1      | Maxmaps the Octopode Shapeshifter began the quest for the
                  | Orb.
     0 | D:1      | Reached XP level 1. HP: 13/13 MP: 1/1
    99 | D:1      | Reached XP level 2. HP: 18/18 MP: 2/2
   321 | D:1      | Reached XP level 3. HP: 23/23 MP: 3/3
   325 | D:1      | Reached skill level 4 in Shapeshifting
   637 | D:2      | Noticed Robin
   651 | D:2      | Killed Robin
   717 | D:2      | Found a faded altar of an unknown god.
   829 | D:2      | Reached XP level 4. HP: 21/28 MP: 4/4
  1693 | D:3      | Found a white marble altar of Elyvilon.
  1694 | D:3      | Found a broken altar of Ashenzari.
  1695 | D:3      | Found a radiant altar of Vehumet.
  1909 | D:3      | Found Pearomn's Assorted Antiques.
  1983 | D:3      | Reached skill level 5 in Shapeshifting
  1983 | D:3      | Reached XP level 5. HP: 28/33 MP: 5/5
  2370 | D:3      | Noticed Jessica
  2374 | D:3      | Killed Jessica
  2375 | D:3      | Reached skill level 6 in Shapeshifting
  2375 | D:3      | Reached XP level 6. HP: 38/38 MP: 6/6
  2747 | D:4      | Reached skill level 7 in Shapeshifting
  2993 | D:4      | Found an ancient bone altar of Kikubaaqudgha.
  3001 | D:4      | Reached XP level 7. HP: 37/43 MP: 5/7
  3345 | D:4      | Found a burning altar of Makhleb.
  3737 | D:5      | Entered Level 5 of the Dungeon
  3971 | D:5      | Reached skill level 5 in Stealth
  4009 | D:5      | Noticed Menkaure
  4025 | D:5      | Mangled by Menkaure

Illustrated notes

Levels and vault maps discovered:
D:1:      spicycebolla_arrival_clurvy, layout_rooms
D:2:      layout_loops_ring, ebering_ecumenical_altar_hall,
          serial_co_window_serial, co_window_paths_a, co_window_paths_a,
          co_window_of_opportunity_a, co_window_paths_b,
          co_window_of_opportunity_a, co_window_unsneaky_path_b,
          co_window_cross_4, co_window_corner_b, co_window_corner_ca,
          co_window_2corner, co_window_of_opportunity_c, uniq_robin
D:3:      layout_loops_ring, chequers_temple_overflow_statue_of_worship,
          serial_shops, nicolae_shop_tiny_real_fake_doors, minivault_5,
          hellmonk_no_cap, uniq_jessica
D:4:      layout_layer_cave, mainiacjoe_overflow_boulevard,
          mainiacjoe_overflow_concentric_impassable, minmay_liquid_box
D:5:      layout_layer_cave, nicolae_overflow_crystal_walls, uniq_ijyb,
          uniq_menkaure, uniq_blork_the_orc

Skill      XL: |  1  2  3  4  5  6  7 |
---------------+----------------------+-----
Shapeshifting  | 4 5 6 7 |  7.0
Stealth        | 2 5 |  5.6
Fighting       | |  1.0
Dodging        | |  2.0
Unarmed Combat | |  3.0

Action                     |  1- 3 |  4- 6 |  7- 9 || total
---------------------------+-------+-------+-------++-------
  Melee: Unarmed           |    72 |   113 |    44 ||   229
         Constrict         |    15 |    34 |     8 ||    57
         Tentacles         |     7 |    25 |     4 ||    36
         Punch             |       |     3 |     2 ||     5
Ability: Begin Untransform |       |     1 |       ||     1
    Use: Potion            |     1 |     1 |     2 ||     4
         Scroll            |       |       |    13 ||    13
   Stab: Sleeping          |     4 |     1 |     4 ||     9
 Armour: Skin              |    76 |    40 |    14 ||   130
  Dodge: Dodged            |    33 |    90 |    35 ||   158
   Form: Beast             |       |     2 |       ||     2

Table legend: (Time is in decaauts)
 A = Elapsed time spent in this place.
 B = Non-inter-level travel time spent in this place.
 C = Inter-level travel time spent in this place.
 D = Time resting spent in this place.
 E = Time spent auto-exploring this place.
 F = Levels seen in this place.
 G = Mean time per level.
                   A        B        C        D        E       F      G
               +--------+--------+--------+--------+--------+-----+--------+
         Total |   3991 |   3825 |    166 |    246 |   2902 |   5 |  798.2 |
       Dungeon |   3991 |   3825 |    166 |    246 |   2902 |   5 |  798.2 |
               +--------+--------+--------+--------+--------+-----+--------+

Top non-repeatable levels by time:
     D:2: 1247 daAuts
     D:4: 1111 daAuts
     D:3: 964 daAuts
     D:1: 437 daAuts
     D:5: 231 daAuts
